 Dungeon Crawl Stone Soup version 0.30-a0-913-g9934a0ce24 (webtiles) character file.

Game seed: 17570048890347501351

64 Demosthentine the Ducker (level 3, 0/28 HPs)
             Began as a Demonspawn Gladiator on Mar 19, 2023.
             Slain by a worm (7 damage)
             ... on level 2 of the Dungeon.
             The game lasted 00:02:09 (1838 turns).

Demosthentine the Ducker (Demonspawn Gladiator)     Turns: 1838, Time: 00:02:10

Health: 0/28       AC:  4    Str: 22    XL:     3   Next: 91%
Magic:  3/3        EV: 12    Int:  9    God:
Gold:   166        SH:  0    Dex: 14    Spells: 2/2 levels left

rFire   . . .      SeeInvis .      - Unarmed
rCold   . . .      Faith    .    (no shield)
rNeg    . . .      Spirit   .    b - +0 leather armour
rPois   .          Reflect  .    c - +0 helmet
rElec   .          Rampage  .    (no cloak)
rCorr   .                        (no gloves)
Will    .....                    (no boots)
Stlth   +                        (no amulet)
HPRegen 0.24/turn                k - +6 ring of strength
MPRegen 0.08/turn                (no ring)

@: no status effects
A: claws 1
a: no special abilities


You were on level 2 of the Dungeon.
You visited 1 branch of the dungeon, and saw 3 of its levels.

You collected 166 gold pieces.

Inventory:

Missiles
 d - 3 throwing nets (quivered)
 e - a javelin
Armour
 b - a +0 leather armour (worn)
 c - a +0 helmet (worn)
Jewellery
 k - a +6 ring of strength (left claw)
Potions
 f - a potion of haste {unknown}
 i - a potion of mutation {unknown}
 j - a potion of degeneration {unknown}


   Skills:
 + Level 2.7 Fighting
 - Level 2.8 Polearms
 - Level 1.7 Throwing
 + Level 1.3 Armour
 + Level 3.2 Dodging
 + Level 1.0 Unarmed Combat


You had 2 spell levels left.
You didn't know any spells.
Your spell library contained the following spells:

 Spells                   Type           Power      Damage    Failure   Level
 Cigotuvi's Dreadful Rot  Necr/Pois/Air  0%         N/A       56%         2
 Ensorcelled Hibernation  Hex/Ice        0%         N/A       56%         2
 Passwall                 Tmut/Erth      0%         N/A       56%         2
 Poisonous Vapours        Pois/Air       0%         N/A       56%         2
 Mephitic Cloud           Conj/Pois/Air  0%         N/A       80%         3
 Swiftness                Air            0%         N/A       80%         3


Dungeon Overview and Level Annotations

Branches:
Dungeon (3/15)

Altars:


Innate Abilities, Weirdness & Mutations

You have sharp fingernails.


Message History

The adder is heavily wounded.
The adder bites you but does no damage.
You barely miss the adder.
The adder is heavily wounded.
The adder bites you but does no damage.
You scratch the adder.
The adder is severely wounded.
The adder closely misses you. x2
You scratch the adder.
The adder is severely wounded.
The adder misses you.
You scratch the adder.
The adder is almost dead.
The adder misses you.
You miss the adder.
The adder is almost dead.
The adder bites you but does no damage.
You barely miss the adder.
The adder is almost dead.
The adder completely misses you.
You completely miss the adder.
The adder is almost dead.
The adder bites you but does no damage. x2
You scratch the adder.
You kill the adder!
You claw the worm!
The worm is moderately wounded.
The worm bites you.
You scratch the worm.
The worm is heavily wounded.
You scratch the worm but do no damage.
The worm is heavily wounded.
The worm bites you!
* * * LOW HITPOINT WARNING * * *
You scratch the worm.
The worm is heavily wounded.
You scratch the worm but do no damage.
The worm is heavily wounded.
The worm bites you!
You die...

#..# #...รท......# ##....
##.# #..........# ##.....
#.# #..........#####......
#.###..........#.....#....
#.##..####..####.#####....
#)##.## #..# #.# ####.
#.....# #..####.# ##..
#.<...#####......# ##.##
#...b.#..@w.#.>.######..##
##.......#######......#.###
#......### #.####...##.
#......# #..# ##...#.
#......# ##.####.....
##.##b### #...#..#...
#..b.b# #.....####^
#....### #.#....####
###....##### #.####...##


You could see a worm.

Vanquished Creatures
  An adder (D:2)
  4 worms
  2 endoplasms (D:1)
  2 giant cockroaches
  3 goblins (D:1)
  8 hobgoblins
  6 kobolds
  4 quokkas
  A ball python (D:1)
  3 bats
  A frilled lizard (D:2)
  7 rats
42 creatures vanquished.

Notes
Turn   | Place    | Note
-------+----------+-------------------------------------------
     0 | D:1      | Demosthentine the Demonspawn Gladiator began the quest for
                  | the Orb.
     0 | D:1      | Reached XP level 1. HP: 16/16 MP: 1/1
   182 | D:1      | Gained mutation: You have sharp fingernails. [demonic
                  | ancestry]
   182 | D:1      | Reached XP level 2. HP: 22/22 MP: 2/2
   560 | D:1      | Reached skill level 3 in Dodging
   640 | D:1      | Reached skill level 1 in Armour
   640 | D:1      | Reached XP level 3. HP: 24/28 MP: 3/3
  1109 | D:2      | Found a faded altar of an unknown god.
  1823 | D:2      | Reached skill level 1 in Unarmed Combat
  1838 | D:2      | Slain by a worm

Illustrated notes

Levels and vault maps discovered:
D:1:      lemuel_arrival_muddy, layout_loops_ring
D:2:      layout_rooms, chequers_ecumenical_altar_twisty, nicolae_wormholes
D:3:      layout_rooms, uniq_natasha

Skill      XL: |  1  2  3 |
---------------+----------+-----
Dodging        | 3 |  3.2
Armour         | 1 |  1.3
Unarmed Combat | 1 |  1.0
Fighting       | |  2.7
Polearms       | |  2.8
Throwing       | |  1.7

Action                     || total
---------------------------++-------
  Melee: Trident           ||    30
         Unarmed           ||   173
         Punch             ||     5
    Use: Scroll            ||     4
         Potion            ||     1
   Stab: Sleeping          ||     2
 Armour: Leather armour    ||    51
  Dodge: Dodged            ||   117

Table legend: (Time is in decaauts)
 A = Elapsed time spent in this place.
 B = Non-inter-level travel time spent in this place.
 C = Inter-level travel time spent in this place.
 D = Time resting spent in this place.
 E = Time spent auto-exploring this place.
 F = Levels seen in this place.
 G = Mean time per level.
                   A        B        C        D        E       F      G
               +--------+--------+--------+--------+--------+-----+--------+
         Total |   1844 |   1787 |     57 |     35 |   1310 |   3 |  614.7 |
       Dungeon |   1844 |   1787 |     57 |     35 |   1310 |   3 |  614.7 |
               +--------+--------+--------+--------+--------+-----+--------+

Top non-repeatable levels by time:
     D:1: 989 daAuts
     D:2: 844 daAuts
     D:3: 9 daAuts
